 Dungeon Crawl Stone Soup version 0.28.0 (webtiles) character file.

Game seed: 10273086392689264100

3098 Dirian the Carver (level 9, -2/80 HPs)
             Began as a Minotaur Fighter on Feb 12, 2022.
             Was a Believer of Okawaru.
             Killed from afar by Maggie (20 damage)
             ... with a bolt of fire
             ... on level 8 of the Dungeon.
             The game lasted 00:13:13 (6810 turns).

Dirian the Carver (Minotaur Fighter)                Turns: 6810, Time: 00:13:13

Health: -2/80      AC: 16    Str: 21    XL:     9   Next: 59%
Magic:  8/8        EV:  7    Int:  5    God:    Okawaru [**....]
Gold:   467        SH:  8    Dex: 14    Spells: 8/8 levels left

rFire   . . .      SeeInvis .   a - +2 long sword (elec)
rCold   + . .      Faith    .   e - +3 buckler
rNeg    . . .      Spirit   .   f - +0 chain mail
rPois   .          Reflect  .   (helmet restricted)
rElec   .          Harm     .   z - +0 cloak
rCorr   .          Rampage  .   s - +0 pair of gloves
Will    .....                   (no boots)
Stlth   ..........              (no amulet)
HPRegen 0.23/turn               i - +4 ring of protection
MPRegen 0.11/turn               p - ring of protection from cold

@: hasted and slowed
A: horns 2, retaliatory headbutt
a: Renounce Religion, Heroism


You were on level 8 of the Dungeon.
You worshipped Okawaru.
Okawaru was pleased with you.
You visited 1 branch of the dungeon, and saw 8 of its levels.

You collected 467 gold pieces.

Inventory:

Hand Weapons
 a - a +2 long sword of electrocution (weapon)
 c - a +0 short sword of flaming
 y - a +0 long sword
Missiles
 o - 175 stones (quivered)
Armour
 e - a +3 buckler (worn)
 f - a +0 chain mail (worn)
 s - a +0 pair of gloves (worn)
 v - a +2 plate armour of cold resistance
 z - a +0 cloak (worn)
Jewellery
 i - a +4 ring of protection (left hand)
 p - a ring of protection from cold (right hand)
Wands
 g - a wand of acid (6)
 n - a wand of iceblast (5)
 x - a wand of flame (13)
 A - a wand of mindburst (12)
Scrolls
 d - a scroll of fog
 j - a scroll of enchant armour
 m - a scroll of immolation
 r - 3 scrolls of identify
 t - 4 scrolls of teleportation
Potions
 b - a potion of mutation
 k - a potion of lignification
 l - 2 potions of ambrosia
 q - 5 potions of curing


   Skills:
 + Level 7.7 Fighting
 * Level 10.0 Long Blades
 * Level 8.8 Slings
 - Level 5.0 Armour
 - Level 1.0 Dodging
 - Level 5.0 Shields


You had 8 spell levels left.
You didn't know any spells.
Your spell library was empty.

Dungeon Overview and Level Annotations

Branches:
Dungeon (8/15)             Temple (0/1) D:6
   Lair: D:8-11

Altars:
Fedhas
Kikubaaqudgha
Nemelex Xobeh
Okawaru
Qazlal
Sif Muna
Trog
Xom

Annotations:
D:8 Maggie


Innate Abilities, Weirdness & Mutations

You have a pair of horns on your head.
You reflexively headbutt those who attack you in melee.


Message History

Maggie gestures at you while chanting. The bolt of fire hits you!
* * * LOW HITPOINT WARNING * * *
You break out of your daze!
* * * LOW HITPOINT WARNING * * *
You feel very sick.
You feel better.
You feel much better.
Maggie zaps a wand.
The bolt of acid hits you!!
* * * LOW HITPOINT WARNING * * *
You feel much better. Something hits you! Something burns you.
Maggie zaps a wand.
The bolt of acid hits something!!
The acid corrodes something!
The bolt of acid misses you.
You hear some strange, mumbled words.
You feel yourself slow down.
You feel as though you will be slow longer.
Maggie zaps a wand.
The bolt of acid hits something!!
Something seems to be corroded for longer.
Reactivating autopickup.
You feel a bit more experienced. The bolt of acid hits you!!
* * * LOW HITPOINT WARNING * * *
Your Long Blades skill increases to level 10!
You feel better.
You feel yourself speed up.
Maggie zaps a wand.
The bolt of acid misses you.
Found 21 sling bullets.
Maggie gestures wildly while chanting.
Maggie attempts to bespell you! You resist with some effort.
Maggie mumbles some strange words.
Maggie attempts to bespell you!
You are mesmerised by Maggie!
You cannot move away from Maggie!
You are no longer entranced.
Things that are here:
a +4 scimitar of flaming; a +0 robe; the human corpse of Erica Maggie says, "Have you seen any dragons?"
Maggie casts a spell.
Maggie attempts to bespell you!
You easily resist.
There is a stone staircase leading up here.
Maggie points at you and mumbles some strange words.
The bolt of fire hits you!!
You die...

# #....)..............
..#..$.)...###........
.......)...# #........
......)....###........
.........[.)..........
............@.........
...##+#.........######
... #.........# ..
#....@....#
#.$.......#
#.?...#...###
###########


You could see Maggie.

Vanquished Creatures
  The ghost of Jazqba the Chopper, an amateur HOCK of Xom (D:5)
  Grinder (D:3)
  A water moccasin (D:6)
  An acid dragon (D:7)
  A black bear (D:6)
  3 sky beasts
  An ice beast (D:7)
  A necrophage (D:4)
  A hornet zombie (D:5)
  2 centaurs (D:7)
  A phantom (D:7)
  A kobold brigand (D:7)
  4 scorpions
  A bullfrog (D:7)
  2 water moccasin skeletons
  A wight (D:7)
  A centaur zombie (D:7)
  An orc priest (D:8)
  2 bullfrog skeletons (D:5)
  3 hounds
  A jelly (D:7)
  A centaur skeleton (D:7)
  Jessica (D:3)
  5 orc wizards
  A killer bee zombie (D:6)
  A hound zombie (D:5)
  11 gnolls
  A howler monkey skeleton (D:2)
  10 adders
  A shadow imp (D:7)
  2 white imps
  An ufetubus (D:7)
  3 worms
  4 dart slugs
  21 orcs
  5 endoplasms
  4 giant cockroaches
  9 goblins
  9 hobgoblins
  4 jackals (D:4)
  3 quokkas
  7 ball pythons
  12 bats
  4 frilled lizards
  6 kobolds
  5 rats
162 creatures vanquished.

Vanquished Creatures (others)
  Erica (D:8)
  5 withered plants (D:3)
6 creatures vanquished.

Grand Total: 168 creatures vanquished

Notes
Turn   | Place    | Note
-------+----------+-------------------------------------------
     0 | D:1      | Dirian the Minotaur Fighter began the quest for the Orb.
     0 | D:1      | Reached XP level 1. HP: 19/19 MP: 0/0
    63 | D:1      | Reached XP level 2. HP: 27/27 MP: 1/1
   158 | D:1      | Reached skill level 1 in Slings
   426 | D:1      | Reached skill level 3 in Long Blades
   432 | D:1      | Reached XP level 3. HP: 28/33 MP: 2/2
   933 | D:2      | Reached skill level 1 in Dodging
   938 | D:2      | Reached XP level 4. HP: 40/40 MP: 3/3
  1590 | D:2      | Found a faded altar of an unknown god.
  1678 | D:2      | Reached skill level 4 in Long Blades
  1678 | D:2      | Reached XP level 5. HP: 4/46 MP: 4/4
  2045 | D:3      | Found a stormy altar of Qazlal.
  2268 | D:3      | Found an ancient bone altar of Kikubaaqudgha.
  2268 | D:3      | Noticed Grinder
  2285 | D:3      | Paralysed by Grinder for 3 turns
  2294 | D:3      | Paralysed by Grinder for 5 turns
  2299 | D:3      | HP: 2/46 [Grinder (3)]
  2304 | D:3      | Killed Grinder
  2305 | D:3      | Reached XP level 6. HP: 3/53 MP: 5/5
  2688 | D:3      | Noticed Jessica
  2693 | D:3      | Killed Jessica
  2694 | D:3      | Reached skill level 5 in Long Blades
  2824 | D:3      | Found a blossoming altar of Fedhas.
  3281 | D:4      | Found an iron altar of Okawaru.
  3317 | D:4      | Became a worshipper of Warmaster Okawaru
  3403 | D:4      | Found a sparkling altar of Nemelex Xobeh.
  3561 | D:4      | Found a shimmering blue altar of Sif Muna.
  3697 | D:4      | Found a bloodstained altar of Trog.
  3764 | D:4      | Reached XP level 7. HP: 60/60 MP: 6/6
  4030 | D:4      | Reached skill level 5 in Fighting
  4030 | D:4      | Reached skill level 5 in Armour
  4030 | D:4      | Reached skill level 5 in Shields
  4203 | D:5      | Entered Level 5 of the Dungeon
  4390 | D:5      | Reached skill level 6 in Long Blades
  4418 | D:5      | Reached skill level 5 in Slings
  4676 | D:5      | Reached XP level 8. HP: 70/70 MP: 7/7
  4753 | D:5      | Found a runed translucent gate.
  4753 | D:5      | Found a runed translucent gate.
  4753 | D:5      | Found a runed translucent gate.
  4753 | D:5      | Noticed Jazqba's ghost (amateur HOCK)
  4950 | D:5      | Killed Jazqba's ghost
  4950 | D:5      | Reached * piety under Okawaru
  4951 | D:5      | Reached skill level 7 in Long Blades
  5122 | D:6      | Found a shimmering altar of Xom.
  5143 | D:6      | Reached skill level 8 in Long Blades
  5381 | D:6      | Found a staircase to the Ecumenical Temple.
  5509 | D:6      | Reached ** piety under Okawaru
  5823 | D:7      | Reached XP level 9. HP: 47/78 MP: 8/8
  6036 | D:7      | Reached skill level 9 in Long Blades
  6085 | D:7      | Noticed a boulder beetle
  6776 | D:8      | Noticed Erica
  6780 | D:8      | Noticed Maggie
  6792 | D:8      | Killed Erica
  6792 | D:8      | HP: 3/79 [Maggie/bolt of acid (24)]
  6793 | D:8      | Reached skill level 10 in Long Blades
  6810 | D:8      | Killed from afar by Maggie

Illustrated notes

Levels and vault maps discovered:
D:1:      lightli_arrival_flooded_house, layout_rooms
D:2:      layout_basic, hellmonk_ecumenical_altar_slurped_away
D:3:      layout_loops_ring, kiku_gazebo_garden_becter,
          mainiacjoe_overflow_catwalk, mainiacjoe_overflow_alcove_1,
          hangedman_feature_mirror, uniq_jessica, uniq_grinder
D:4:      layout_basic, led_sif_book, mainiacjoe_overflow_alcove_2,
          mainiacjoe_overflow_concentric_impassable, kennysheep_little_box
D:5:      layout_cave_pools, gammafunk_ghost_necromancy, minmay_between
D:6:      layout_loops_cross, mainiacjoe_overflow_chevrons,
          minmay_temple_entry_trees
D:7:      hangedman_cross_stitches, layout_gridville, serial_shops,
          nicolae_lakefront_shop, centaur_isle
D:8:      layout_basic, vehumet_statue, lair_entry_dummy, uniq_erica,
          uniq_maggie

Skill      XL: |  1  2  3  4  5  6  7  8  9 |
---------------+----------------------------+-----
Slings         | 1 2 3 4 5 7 8 |  8.8
Long Blades    | 3 4 5 6 8 10 | 10.0
Shields        | 4 5 |  5.0
Dodging        | 1 |  1.0
Fighting       | 4 5 6 7 |  7.7
Armour         | 4 5 |  5.0

Action                   |  1- 3 |  4- 6 |  7- 9 || total
-------------------------+-------+-------+-------++-------
Melee: Long sword        |    77 |   146 |   187 ||   410
       Headbutt          |    15 |    21 |    30 ||    66
Throw: Stone             |       |     1 |       ||     1
Evoke: Wand              |       |       |     1 ||     1
  Use: Scroll            |       |     9 |     9 ||    18
       Potion            |       |       |     6 ||     6
Armor: Scale mail        |    39 |    48 |     1 ||    88
       Chain mail        |       |       |   107 ||   107
Dodge: Dodged            |    45 |    69 |    53 ||   167
Block: Buckler           |    20 |    37 |    86 ||   143
